 Dungeon Crawl Stone Soup version 0.30.0-29-ga12c61a403 (webtiles) character file.

Game seed: 1443033035022797185

12 Fodor the Trooper (level 2, -2/27 HPs)
             Began as a Minotaur Fighter on June 8, 2023.
             Slain by a quokka (4 damage)
             ... on level 1 of the Dungeon.
             The game lasted 00:01:26 (145 turns).

Fodor the Trooper (Minotaur Fighter)                 Turns: 145, Time: 00:01:27

Health: -2/27      AC:  7    Str: 20    XL:     2   Next: 20%
Magic:  1/1        EV:  9    Int:  5    God:
Gold:   38         SH:  4    Dex:  9    Spells: 1/1 levels left

rFire   . . .        e - staff of death
rCold   . . .        c - +0 buckler
rNeg    + . .        b - +0 scale mail
rPois   .            (helmet restricted)
rElec   .            (no cloak)
rCorr   .            (no gloves)
SInv    .            (no boots)
Will    .....        (no amulet) Stlth
                     (no ring)
HPRegen 0.24/turn    (no ring)
MPRegen 0.07/turn

%: no passive effects
@: no status effects
A: horns 2, retaliatory headbutt
a: no special abilities


You were on level 1 of the Dungeon.
You visited 1 branch of the dungeon, and saw 1 of its levels.

You collected 38 gold pieces.

Inventory:

Hand Weapons
 a - a +0 long sword
Missiles
 g - 3 stones (quivered)
Armour
 b - a +0 scale mail (worn)
 c - a +0 buckler (worn)
Magical Staves
 e - a staff of death (weapon)
Scrolls
 f - a scroll of poison {unknown}
 h - a scroll of teleportation {unknown}
Potions
 d - a potion of might
 i - a potion of flight {unknown}


   Skills:
 + Level 4.0 Fighting
 + Level 2.4 Long Blades
 + Level 3.8 Armour
 + Level 4.0 Shields


You had one spell level left.
You didn't know any spells.
Your spell library was empty.

Dungeon Overview and Level Annotations

Branches:
Dungeon (1/15)

Altars:


Innate Abilities, Weirdness & Mutations

You have a pair of horns on your head.
You reflexively headbutt those who attack you in melee.


Message History

You are more poisoned.
You barely miss the kobold. You headbutt the kobold.
The kobold is severely wounded.
You feel very sick. The quokka bites you. You block the kobold's attack.
The quokka barely misses you.
You barely miss the kobold. Your headbutt misses the kobold.
The kobold is severely wounded.
You feel very sick. The kobold barely misses you.
The quokka bites you but does no damage.
You closely miss the kobold.
The kobold is severely wounded.
You feel sick. The kobold barely misses you.
The quokka bites you but does no damage.
The kobold barely misses you.
You barely miss the kobold.
The kobold is moderately wounded.
You feel sick. The quokka closely misses you. You block the quokka's attack.
The kobold hits you but does no damage.
You hit the kobold.
You kill the kobold!
You feel sick. The quokka bites you.
* * * LOW HITPOINT WARNING * * *
You feel sick.
The quokka bites you but does no damage.
Things that are here:
a +0 short sword of venom; a +0 club; a goblin corpse You feel sick.
The quokka completely misses you. The quokka barely misses you.
You hit the quokka. Your headbutt misses the quokka.
The quokka is almost dead.
You feel sick.
You are no longer poisoned.
The quokka closely misses you.
You miss the quokka.
The quokka is almost dead.
The quokka bites you.
* * * LOW HITPOINT WARNING * * *
The quokka bites you.
You die...

#####†........#
.....†........#
#..)#####.....#
#.............##
#########......######
#P..# #...........#
#...####.....#..#..#
#.P.#.....#####)r..#
#.P.####### #@...# #.
.# #....# #. .....#
.###.## .# .. #. ###
# .


You could see a quokka.

Vanquished Creatures
  3 endoplasms (D:1)
  A giant cockroach (D:1)
  2 goblins (D:1)
  A hobgoblin (D:1)
  A ball python (D:1)
  A bat (D:1)
  A kobold (D:1)
  A rat (D:1)
11 creatures vanquished.

Notes
Turn   | Place    | Note
-------+----------+-------------------------------------------
     0 | D:1      | Fodor the Minotaur Fighter began the quest for the Orb.
     0 | D:1      | Reached XP level 1. HP: 19/19 MP: 0/0
    96 | D:1      | Reached XP level 2. HP: 18/27 MP: 1/1
   145 | D:1      | Slain by a quokka

Illustrated notes

Levels and vault maps discovered:
D:1:      matt_arrival_diagonals, layout_rooms, serial_aquarium,
          aquarium_bridge_square [aquarium_subvault_window,
          aquarium_subvault_bridge, aquarium_subvault_balcony,
          aquarium_subvault_bridge], aquarium_bridge_square
          [aquarium_subvault_bridge, aquarium_subvault_wall,
          aquarium_subvault_bridge, aquarium_subvault_bridge],
          aquarium_window_fake, aquarium_window_fake, aquarium_window_fake,
          aquarium_view_2f, aquarium_pool_corner

Skill      XL: |  1  2 |
---------------+-------+-----
Fighting       | 4 |  4.0
Shields        | 4 |  4.0
Long Blades    | |  2.4
Armour         | |  3.8

Action                     || total
---------------------------++-------
  Melee: Staff             ||    27
         Headbutt          ||     2
  Throw: Stone             ||     1
 Armour: Scale mail        ||    25
  Dodge: Dodged            ||    24
  Block: Buckler           ||    10
